 Dungeon Crawl Stone Soup version 0.22.0 (webtiles) character file.

127 Ellandar the Chopper (level 4, -3/41 HPs)
             Began as a Minotaur Berserker on Oct 15, 2018.
             Was a Believer of Trog.
             Slain by a gnoll (5 damage)
             ... on level 2 of the Dungeon.
             The game lasted 00:06:23 (2108 turns).

Ellandar the Chopper (Minotaur Berserker)           Turns: 2108, Time: 00:06:24

Health: -3/41      AC:  2    Str: 22    XL:     4   Next: 85%
Magic:  3/3        EV: 12    Int:  4    God:    Trog [**....]
Gold:   118        SH:  0    Dex: 10    Spells: 3/3 levels left

rFire    . . .     SeeInvis .   n - +0 war axe
rCold    . . .     Gourm    .   (no shield)
rNeg     . . .     Faith    .   b - +0 animal skin
rPois    .         Spirit   .   (helmet restricted)
rElec    .         Reflect  .   (no cloak)
rCorr    .         Harm     .   (no gloves)
MR       .....                  (no boots)
Stlth    +.........             e - amulet of rage
HPRegen  0.13/turn              (no ring)
MPRegen  0.08/turn              (no ring)

@: berserk cooldown, slowed, very slow
A: retaliatory headbutt, horns 2
a: Berserk, Trog's Hand, Renounce Religion, Evoke Berserk Rage


You were on level 2 of the Dungeon.
You worshipped Trog.
Trog was pleased with you.
You were very hungry.

You visited 1 branch of the dungeon, and saw 3 of its levels.

You collected 118 gold pieces.

Inventory:

Hand Weapons
 a - a +0 hand axe
 n - a +0 war axe (weapon)
Armour
 b - a +0 animal skin (worn)
Jewellery
 e - an amulet of rage (around neck)
Scrolls
 d - a scroll of teleportation {unknown}
 g - 2 scrolls of identify {unknown}
 i - a scroll of immolation {unknown}
 j - 2 scrolls of remove curse {unknown}
 l - a scroll of enchant armour {unknown}
Potions
 f - 2 potions of heal wounds {unknown}
 h - 2 potions of curing {unknown}
 k - a potion of brilliance {unknown}
 m - 2 potions of agility {unknown}
 o - a potion of magic {unknown}
Comestibles
 c - 2 rations


   Skills:
 + Level 4.6 Fighting
 * Level 6.0 Axes
 + Level 2.6 Armour
 - Level 2.1 Dodging
 + Level 0.3 Stealth


You had 3 spell levels left.
You didn't know any spells.
Your spell library was empty.

Dungeon Overview and Level Annotations

Branches:
Dungeon (3/15)

Altars:
Cheibriados


Innate Abilities, Weirdness & Mutations

You reflexively headbutt those who attack you in melee.
You have a pair of horns on your head.


Message History

The gnoll hits you from afar with a spear.
The gnoll closely misses you. The gnoll closely misses you. The gnoll hits you.
There is a stone staircase leading up, spattered with blood here.
The gnoll hits you from afar with a spear!
The orc closely misses you. The gnoll closely misses you.
The gnoll hits you from afar with a spear!
* * * LOW HITPOINT WARNING * * *
The orc hits you with a club.
* * * LOW HITPOINT WARNING * * *
You climb upwards.
There is a stone staircase leading down here.
You closely miss the orc. Your headbutt misses the orc. You hit the orc.
You kill the orc!
Trog accepts your kill.
Your Axes skill increases to level 6!
You closely miss the gnoll. The gnoll hits you.
* * * LOW HITPOINT WARNING * * *
The orc hits you but does no damage. The gnoll hits you.
You die...

###.# ##.#.....#.............#
#.# #.....#..##............#
#.#######....#..##..#..###....#
###..........#.#..##..#....#....#
.........##.##.#..##..#....#....#
.........##.##....##..#....#....#
.........##.###...##.......##.#.#
.........##.###.........#..#....#
................@g.........#..###
.........##.....)o...#.....#..#
.........##..##.#.####).......#
.........##..##.#### #.#.####.#
###'######....)....# #.#.# #.#
#.# #...##..### #.#.# #.# #.#
#...##..# #.#.# #.#
#.######...##..#####.#.# #.#
#.#........##..........####.###


You could see a gnoll and an orc.

Vanquished Creatures
  A bullfrog zombie (D:2)
  Jessica (D:3)
  An adder (D:2)
  An ooze (D:1)
  A dart slug (D:1)
  3 leopard geckos
  2 orcs (D:2)
  7 bats
  A giant cockroach (D:2)
  4 goblins
  11 hobgoblins
  4 jackals (D:1)
  2 frilled lizards (D:1)
  4 kobolds
  5 rats
48 creatures vanquished.

Notes
Turn   | Place    | Note
-------+----------+-------------------------------------------
     0 | D:1      | Ellandar the Minotaur Berserker began the quest for the Orb.
     0 | D:1      | Reached XP level 1. HP: 19/19 MP: 0/0
    42 | D:1      | Reached skill level 4 in Axes
    55 | D:1      | Reached XP level 2. HP: 12/27 MP: 1/1
   444 | D:1      | Reached XP level 3. HP: 31/33 MP: 2/2
   624 | D:1      | Reached ** piety under Trog
   840 | D:2      | Reached skill level 5 in Axes
  1442 | D:2      | Reached XP level 4. HP: 14/41 MP: 3/3
  1774 | D:2      | Found a snail-covered altar of Cheibriados.
  2086 | D:3      | Noticed Jessica
  2092 | D:3      | Killed Jessica
  2108 | D:2      | Reached skill level 6 in Axes
  2108 | D:2      | HP: 2/41 [gnoll (4)]
  2108 | D:2      | Slain by a gnoll

Skill      XL: |  1  2  3  4 |
---------------+-------------+-----
Axes           | 4 5 6 |  6.0
Fighting       | 4 |  4.6
Armour         | |  2.6
Dodging        | |  2.1
Stealth        | |  0.3

Action                   |  1- 3 |  4- 6 || total
-------------------------+-------+-------++-------
Melee: Hand axe          |    89 |       ||    89
       Headbutt          |    12 |     1 ||    13
       War axe           |     8 |     7 ||    15
Invok: Berserk           |       |     1 ||     1
  Eat: Chunk             |     2 |     1 ||     3
Armor: Animal skin       |    19 |     4 ||    23
Dodge: Dodged            |    69 |    18 ||    87
